 Dungeon Crawl Stone Soup version 0.17-a0-1718-g72dbe4d (console) character file.

2419 Monkaria the Unseen (level 9, -4/37 HPs)
             Began as a Felid Berserker on Aug 25, 2015.
             Was an Elder of Trog.
             Killed by divine providence
             ... invoked by an orc priest
              (11 damage)
             ... on level 9 of the Dungeon.
             The game lasted 00:11:56 (8963 turns).

Monkaria the Unseen (Felid Berserker)               Turns: 8963, Time: 00:11:56

Health: -4/37      AC:  2    Str: 16    XL:     9   Next: 24%
Magic:  10/10      EV: 19    Int:  9    God:    Trog [****..]
Gold:   388        SH:  0    Dex: 15    Spells: 0 memorised, 8 levels left
                                        Lives:  0   Deaths: 2

rFire  . . .     SeeInvis +       - Unarmed
rCold  + . .     Clarity  .     (armour unavailable)
rNeg   . . .     SustAt   +     (shield unavailable)
rPois  .         Gourm    +     (helmet unavailable)
rElec  .         Spirit   .     (cloak unavailable)
rCorr  .         Warding  .     (gloves unavailable)
rMut   .         Stasis   .     (boots unavailable)
MR     +....                    D - amulet of the gourmand
Stlth  ++++++++..               C - ring of protection from cold
                                c - ring of sustain attributes

@: exhausted, slowed, slow, somewhat resistant to hostile enchantments,
extraordinarily stealthy
A: no armour, no weapons or thrown items, claws 1, fangs 3, see invisible,
carnivore 3, speed 1, shaggy fur 2, slow metabolism 1, sharp paws
a: Burn Spellbooks, Berserk, Trog's Hand, Brothers in Arms, Renounce Religion


You were on level 9 of the Dungeon.
You worshipped Trog.
Trog was greatly pleased with you.
You were not hungry.

You visited 2 branches of the dungeon, and saw 10 of its levels.

You collected 466 gold pieces.
You spent 78 gold pieces at shops.

Inventory:

Jewellery
 c - a ring of sustain attributes (left paw)
 i - an uncursed ring of teleportation
 C - a ring of protection from cold (right paw)
 D - an amulet of the gourmand (around neck)
Magical devices
 x - a wand of confusion (22)
 y - a wand of slowing (14)
Scrolls
 b - a scroll of immolation {unknown}
 g - 5 scrolls of teleportation {unknown}
 j - a scroll of magic mapping {unknown}
 l - 6 scrolls of remove curse
 m - 2 scrolls of fear {unknown}
 n - 2 scrolls of noise
 q - 2 scrolls of amnesia {unknown}
 r - 2 scrolls of blinking {unknown}
 s - 4 scrolls of enchant weapon {unknown}
 v - a scroll of recharging {unknown}
 B - a scroll of holy word {unknown}
 E - a scroll of identify
Potions
 d - 4 potions of haste {unknown}
 e - a potion of heal wounds
 f - a potion of agility
 h - 2 potions of might
 k - 3 potions of magic
 p - 3 potions of curing
 t - 2 potions of ambrosia {unknown}
 w - a potion of brilliance
 z - a potion of mutation {unknown}
Books
 u - a book of the Dragon

   Spells                             Type                      Level
   a - Flame Tongue                   Conjuration/Fire             1
   b - Cause Fear                     Hexes                        4
   c - Bolt of Fire                   Conjuration/Fire             6
   d - Dragon Form                    Transmutation                7
   e - Dragon's Call                  Summoning                    9
   Trog disapproves of the use of such an item.
 F - a book of Maledictions

   Spells                             Type                      Level
   a - Corona                         Hexes                        1
   b - Ensorcelled Hibernation        Hexes/Ice                    2
   c - Confuse                        Hexes                        3
   d - Tukima's Dance                 Hexes                        3
   e - Dazzling Spray                 Conjuration/Hexes            3
   Trog disapproves of the use of such an item.
Comestibles
 a - 4 meat rations
 o - 3 slices of pizza
 A - a beef jerky


   Skills:
 - Level 3.0 Fighting
 - Level 4.0 Dodging
 + Level 18.5 Stealth
 - Level 6.2 Unarmed Combat


You had 8 spell levels left.
You didn't know any spells.

Dungeon Overview and Level Annotations

Branches:
Dungeon (9/15)             Temple (1/1) D:7
   Lair: D:8-11         Orc: D:9-12

Altars:
Ashenzari
Cheibriados
Dithmenos
Elyvilon
Fedhas
Gozag
Kikubaaqudgha
Makhleb
Nemelex Xobeh
Okawaru
Qazlal
Ru
Sif Muna
Trog
Vehumet
Xom
Yredelemnul
Zin
The Shining One

Shops:
D:4 *   D:5 (   D:7 [


Innate Abilities, Weirdness & Mutations

You cannot wear armour.
You are incapable of wielding weapons or throwing items.
You have sharp claws.
You have razor-sharp teeth.
You have supernaturally acute eyesight.
You are carnivorous and can eat meat at any time.
You cover ground quickly.
You are covered in thick fur (AC +2).
You have a slow metabolism.
Your sharp claws are effective at attacking unaware monsters.


Message History

You closely miss the orc warrior.
The orc warrior is lightly wounded.
The orc warrior closely misses you. The orc hits you with a short sword.
* * * LOW HITPOINT WARNING * * *
You barely miss the orc warrior.
The orc warrior is lightly wounded.
The orc hits you but does no damage.
You claw the orc warrior!
The orc warrior is heavily wounded.
The orc hits you with a short sword.
* * * LOW HITPOINT WARNING * * *
The orc warrior barely misses you.
You feel a strong urge to attack something.
You feel your anger subside.
You are no longer berserk.
You are exhausted.
You feel yourself slow down.
The orc priest invokes the aid of Beogh against you.
Something smites you!
You die...

..#.##.##.######.####...#...#.###
..................(..............
............................#.###
.##.##...........#.##..###..#.# #
....#####.###.##.#.##..# #..#.###
..))# #.# #.##.#.##..# #.......
<##.# ###.###.##.#.##..# #.......
###.# #.......##.......###.#..###
# #.# ###.###.##@........#.#..# #
#.#####.# #.##.#.###.###.##.#
###.....#.# #.##o#.# #.....##.#
.......##.# #......# #.###.##.##
###.#.###.# #.##o#####.###.##..#
###.#.###.###..................#
#..............o.#####.###.#...##
###.......###o...#####.###.#....#
.........oo.o..............#..#.#


You could see an orc priest and 2 orcs.

Vanquished Creatures
  Erica (D:9)
  Pikel (D:4)
  Joseph (D:8)
  A troll (D:9)
  A deep elf mage (D:9)
  A hippogriff (D:9)
  Menkaure (D:4)
  2 orc warriors
  A slave (D:4)
  5 centaurs
  4 ogres
  A wasp (D:9)
  A giant frog (D:9)
  A water moccasin skeleton (D:8)
  7 scorpions
  16 killer bees
  4 hounds
  4 crimson imps
  2 jellies
  A centaur zombie (D:6)
  2 giant frog zombies
  2 giant frog skeletons
  3 orc wizards (D:3)
  4 worker ants
  3 orc priests
  A killer bee zombie (D:6)
  4 gnolls (D:5)
  13 adders
  An adder skeleton (D:7)
  A worm (D:2)
  3 giant geckos
  28 orcs
  6 goblins
  5 hobgoblins
  9 jackals
  6 kobolds
  5 quokkas
  A ball python (D:1)
  5 bats
  A giant cockroach zombie (D:5)
  2 giant gecko skeletons (D:6)
  9 giant newts
  3 rats (D:3)
173 creatures vanquished.

Vanquished Creatures (others)
  A quokka (D:4)
1 creature vanquished.

Grand Total: 174 creatures vanquished

Notes
Turn   | Place    | Note
--------------------------------------------------------------
     0 | D:1      | Monkaria the Felid Berserker began the quest for the Orb.
     0 | D:1      | Reached XP level 1. HP: 10/10 MP: 2/2
    81 | D:1      | Reached XP level 2. HP: 4/14 MP: 3/3
  1157 | D:2      | Reached XP level 3. HP: 17/17 MP: 4/4
  1348 | D:2      | Acquired Trog's second power
  1388 | D:2      | Found a sparkling altar of Nemelex Xobeh.
  2206 | D:3      | Reached skill level 5 in Unarmed Combat
  2206 | D:3      | Reached XP level 4. HP: 19/21 MP: 5/5
  2341 | D:3      | Reached XP level 5. HP: 22/24 MP: 6/6
  2345 | D:3      | Reached skill level 6 in Unarmed Combat
  2541 | D:3      | Found a shimmering altar of Xom.
  2541 | D:3      | Found a shimmering altar of Xom.
  2548 | D:3      | Found a shimmering altar of Xom.
  2608 | D:3      | Found a shimmering altar of Xom.
  2614 | D:3      | Found a shimmering altar of Xom.
  2615 | D:3      | Found a shimmering altar of Xom.
  2743 | D:4      | Noticed Menkaure
  2750 | D:4      | Killed Menkaure
  2750 | D:4      | Reached skill level 5 in Stealth
  2750 | D:4      | Gained mutation: You are covered in thick fur (AC +2). [Felid growth]
  2750 | D:4      | Reached XP level 6. HP: 23/28 MP: 7/7
  2818 | D:4      | Found Fotitev's General Store.
  2821 | D:4      | Bought a scroll of remove curse for 39 gold pieces
  2821 | D:4      | Bought a scroll of identify for 26 gold pieces
  2821 | D:4      | Bought a scroll of noise for 13 gold pieces
  2936 | D:4      | Noticed a slave
  2936 | D:4      | Noticed a slave
  2937 | D:4      | Noticed a slave
  2937 | D:4      | Noticed a slave
  2939 | D:4      | Noticed Pikel
  2967 | D:4      | Killed a slave
  2976 | D:4      | Killed Pikel
  2976 | D:4      | Reached skill level 9 in Stealth
  2976 | D:4      | Reached XP level 7. HP: 31/31 MP: 8/8
  3396 | D:4      | Reached skill level 10 in Stealth
  3426 | D:5      | Entered Level 5 of the Dungeon
  3755 | D:5      | Reached XP level 8. HP: 34/34 MP: 9/9
  4063 | D:5      | Reached skill level 11 in Stealth
  4209 | D:5      | Acquired Trog's third power
  4549 | D:5      | Reached skill level 12 in Stealth
  4566 | D:5      | Found Afaikhit's Antique Weapon Shop.
  5245 | D:6      | Reached skill level 13 in Stealth
  5702 | D:6      | Reached skill level 14 in Stealth
  5702 | D:6      | Reached XP level 9. HP: 17/37 MP: 10/10
  6082 | D:7      | Found a staircase to the Ecumenical Temple.
  6103 | Temple   | Entered the Ecumenical Temple
  6429 | D:7      | Found Osaos's Armour Shop.
  7073 | D:8      | Noticed Joseph
  7080 | D:8      | Killed Joseph
  7080 | D:8      | Reached skill level 15 in Stealth
  7131 | D:8      | Found a blossoming altar of Fedhas.
  7299 | D:8      | Reached skill level 16 in Stealth
  7416 | D:9      | Slain by a killer bee
  7417 | D:9      | Reached XP level 8. HP: -1/34 MP: 9/9
  7548 | D:9      | Reached skill level 17 in Stealth
  7589 | D:9      | Reached XP level 9. HP: 37/37 MP: 10/10
  8050 | D:9      | Found a shimmering altar of Xom.
  8063 | D:9      | Noticed Erica
  8089 | D:9      | Slain by Erica
  8090 | D:9      | Reached XP level 8. HP: -5/51 MP: 9/9
  8266 | D:9      | Killed Erica
  8266 | D:9      | Reached skill level 18 in Stealth
  8266 | D:9      | Reached XP level 9. HP: 12/37 MP: 10/10
  8963 | D:9      | Killed from afar by an orc priest

Vault maps used:
D:1:      zelgadis_glass_arrival_small, corner_web_ring
D:2:      nemelex_lonely_heart_becter
D:3:      first_bread, minmay_item_behind_shaft, xom_redecorated
D:4:      serial_shops, kennysheep_mini_moat, hangedman_decor_opposing,
          uniq_menkaure, uniq_pikel
D:5:      serial_shops, shop
D:7:      minmay_temple_entry_overgrown, serial_shops,
          nicolae_shop_window_shopping
D:8:      david_nohive_1, grunt_ministairs_13, fedhas_altar_2, uniq_joseph
D:9:      overflow_temple_1_default, uniq_erica
Temple:   kilobyte_greek_temple_18

Action                   |  1- 3 |  4- 6 |  7- 9 || total
-------------------------+-------+-------+-------++-------
Melee: Unarmed           |    95 |    95 |   313 ||   503
Invok: Berserk           |     5 |     5 |    19 ||    29
       Trog's Hand       |       |     2 |     8 ||    10
Evoke: Wand              |       |       |     3 ||     3
  Use: Scroll            |       |     6 |     4 ||    10
 Stab: Sleeping          |     2 |     1 |    38 ||    41
       Distracted        |       |       |     2 ||     2
  Eat: Chunk             |    14 |     7 |    27 ||    48
